 Dungeon Crawl Stone Soup version 0.21-a0-81-gc5150db (webtiles) character file.

208956 Rrauwl the Markscentaur (level 18, 0/151 HPs)
             Began as a Centaur Hunter on June 23, 2017.
             Was the Champion of Okawaru.
             Shot with a bolt by a yaktaur (3 damage)
             ... on level 2 of the Vaults.
             The game lasted 02:15:39 (31039 turns).

Rrauwl the Markscentaur (Centaur Hunter)           Turns: 31039, Time: 02:15:42

Health: 0/151      AC: 22    Str: 20    XL:     18   Next: 14%
Magic:  0/26       EV: 13    Int: 14    God:    Okawaru [******]
Gold:   2678       SH:  5    Dex: 23    Spells: 13/21 levels left

rFire    + + .     SeeInvis +   c - +7 longbow of Integrity {velocity, rF+ rC+}
rCold    + + .     Gourm    .   (shield currently unavailable)
rNeg     + . .     Faith    .   Q - +4 troll leather armour {Snorg}
rPois    +         Spirit   +   A - +2 hat {MR+}
rElec    .         Reflect  +   I - scarf {Spirit}
rCorr    +         Harm     .   M - +0 pair of gloves of Jiots {-Cast rPois Dex+5 SInv}
MR       +++..     NoCast   +   p - +4 centaur barding {rC+}
Stlth    ++........             x - amulet "Legilyew" {Reflect Str+3 Int+4 SH+5}
HPRegen  0.75/turn              J - ring of positive energy
MPRegen  0.20/turn              F - ring of resist corrosion

@: very quick
A: hooves 3, deformed body, fire resistance 1, speed 2, magic resistance 1,
strong 1, tough skin 3, wild magic 1
}: 1/15 runes: decaying
a: Heroism, Finesse, Renounce Religion


You were on level 2 of the Vaults.
You worshipped Okawaru.
Okawaru was exalted by your worship.
You were not hungry.

You visited 7 branches of the dungeon, and saw 31 of its levels.
You also visited: Labyrinth and Ice Cave.

You collected 3149 gold pieces.
You spent 471 gold pieces at shops.

Inventory:

Hand Weapons
 a - a +4 battleaxe of electrocution
 c - the +7 longbow of Integrity (weapon) {velocity, rF+ rC+}
   (Okawaru gifted it to you on level 2 of the Lair of Beasts)

   Any arrow fired from it inflicts extra damage.
   It protects you from fire.
   It protects you from cold.
Missiles
 d - 100 arrows (quivered)
Armour
 p - a +4 centaur barding of cold resistance (worn)
 A - a +2 hat of magic resistance (worn)
 I - a scarf of spirit shield (worn)
 M - the +0 pair of gloves of Jiots (worn) {-Cast rPois Dex+5 SInv}
   (You bought it in a shop on level 9 of the Dungeon)

   It affects your dexterity (+5).
   It protects you from poison.
   It lets you see invisible.
   It prevents spellcasting.
 Q - a +4 troll leather armour (worn) {Snorg}
Jewellery
 o - an uncursed ring of protection from magic
 s - an uncursed ring of protection from cold
 x - the amulet "Legilyew" (around neck) {Reflect Str+3 Int+4 SH+5}
   (You found it on level 5 of the Dungeon)

   [amulet of reflection]

   It shields you and reflects attacks.
   It affects your strength (+3).
   It affects your intelligence (+4).
   It affects your SH (+5).
 F - a ring of resist corrosion (right hand)
 J - a ring of positive energy (left hand)
Wands
 b - a wand of clouds (5/9)
 f - a wand of lightning (4/15)
 h - a wand of scattershot (5/9)
 B - a wand of iceblast (6/15)
 E - a wand of lightning (11/15)
 H - a wand of digging (10/24)
 L - a wand of acid (9/15)
 R - a wand of disintegration (9/24)
Scrolls
 i - a scroll of magic mapping
 m - a scroll of silence
 n - 10 scrolls of identify
 w - a scroll of amnesia
 y - 4 scrolls of fog
 z - 10 scrolls of remove curse
 D - 4 scrolls of teleportation
Potions
 l - 6 potions of curing
 r - 2 potions of resistance
 u - 4 potions of might
 C - 3 potions of flight
Miscellaneous
 e - a sack of spiders
 t - a phantom mirror
 O - a lamp of fire
 V - a lightning rod (4/4)
Comestibles
 g - 8 chunks of flesh
 q - 16 royal jellies


   Skills:
 - Level 11.0 Fighting
 + Level 19.1 Axes
 - Level 20.0 Bows
 - Level 5.0 Armour
 - Level 7.0 Dodging
 - Level 1.3 Stealth
 - Level 2.1 Spellcasting
 - Level 11.0 Invocations
 - Level 6.0 Evocations


You had 13 spell levels left.
You knew the following spells:

 Your Spells              Type           Power        Failure   Level  Hunger
a - Blink                 Tloc           N/A          47%         2    ###....
b - Summon Butterflies    Summ           #.......     34%         1    #......
c - Sticks to Snakes      Tmut           #.......     47%         2    ###....
d - Apportation           Tloc           #.....       34%         1    #......
e - Passwall              Tmut/Erth      #.........   47%         2    ###....


Dungeon Overview and Level Annotations

Branches:
Dungeon (15/15)            Temple (1/1) D:5            Lair (6/6) D:8
  Swamp (4/4) Lair:3       Spider (0/4) Lair:3        Slime (0/5) Lair:6
    Orc (2/2) D:9             Elf (0/3) Orc:2        Vaults (2/5) D:13
  Crypt (0/3) Vaults:2     Depths (1/5) D:15

Altars:
Ashenzari
Cheibriados
Dithmenos
Elyvilon
Fedhas
Gozag
Hepliaklqana
Kikubaaqudgha
Makhleb
Nemelex Xobeh
Okawaru
Qazlal
Ru
Sif Muna
Trog
Uskayaw
Vehumet
Wu Jian
Xom
Yredelemnul
Zin
The Shining One
Beogh
Jiyva

Shops:
D:4 *   D:9 [[(   D:15 !   Orc:2 :((!*   Vaults:1 ![%[*

Portals:
Pandemonium: Orc:2

Annotations:
Depths:1 exclusion: obsidian statue, Louise


Innate Abilities, Weirdness & Mutations

You have hooves in place of feet.
Armour fits poorly on your strangely shaped body.
You cover ground very quickly.
You have extremely tough skin. (AC +3)
Your flesh is heat resistant. (rF+)
You are resistant to hostile enchantments. (MR+)
Your muscles are strong. (Str +2)
Your spells are a little harder to cast, but a little more powerful.


Message History

You feel strangely unstable.
The vault warden hits you with a dire flail!
* * * LOW HITPOINT WARNING * * *
The vault sentinel blows a loud note on a signal horn!
You hear a shout!
Unknown command.
The rakshasa gestures at you. The orb of energy hits you!
* * * LOW HITPOINT WARNING * * *
The orb of energy explodes!
The rakshasa hits you from afar with a trident.
* * * LOW HITPOINT WARNING * * *
Your surroundings suddenly seem different.
A yaktaur comes into view.
The yaktaur shouts!
The yaktaur wields an arbalest.
The yaktaur shoots a bolt.
The bolt hits you!
* * * LOW HITPOINT WARNING * * *
The yaktaur unwields an uncursed flail.
The yaktaur wields an arbalest.
The yaktaur shoots a bolt.
The bolt hits you.
You die...

'......##
#......'
#......#
#......#
#......#
#......#
#......#
#.@....#
#......#
#......#
#......#
#......#
#......#
###c##'#
cc .c


You could see 4 yaktaurs.

Vanquished Creatures
  Xtahua (Vaults:2)
  An Ice Fiend (IceCv)
  A tentacled monstrosity (Swamp:3)
  An ancient champion (Vaults:2)
  2 sphinxes
  A thorn hunter (Swamp:2)
  A shadow dragon (Vaults:2)
  A fire giant (Vaults:1)
  2 vault wardens (Vaults:2)
  An emperor scorpion (D:15)
  The ghost of dricus the Warrior, a journeyman DrBe of Trog (D:14)
  An ironheart preserver (Vaults:1)
  2 stone giants
  An entropy weaver (Vaults:2)
  A minotaur (Lab)
  Snorg (Lair:5)
  A deep elf death mage (Vaults:2)
  A great orb of eyes (Vaults:2)
  A rakshasa (Depths:1)
  The ghost of dricus the Impaler, a journeyman MfBe of Trog (D:10)
  2 ogre magi
  6 yaktaur captains
  2 ghost crabs
  4 ice dragons
  6 vault guards (Vaults:2)
  23 hydras
  A death knight (D:13)
  A merfolk avatar (Lair:6)
  6 death yaks (Lair:6)
  3 dancing weapons
  An alligator (Swamp:2)
  Erica (D:8)
  6 centaur warriors
  9 two-headed ogres
  3 orc high priests (Orc:2)
  2 skeletal warriors
  An infernal demonspawn (Orc:2)
  4 shambling mangroves
  An unseen horror (shapeshifter) (Vaults:2)
  5 unseen horrors
  9 swamp dragons
  2 sea snakes (Lair:6)
  A glowing orange brain (Vaults:1)
  7 spriggan druids
  7 ironbrand convokers
  3 lindwurms (Swamp:4)
  3 wizards
  A phantasmal warrior (Vaults:2)
  4 deep elf magi
  A harpy (Lair:6)
  A mana viper (shapeshifter) (D:15)
  A necromancer (Lair:3)
  A wolf spider zombie (D:13)
  8 orc knights
  9 orc sorcerers
  A wolf spider (Vaults:1)
  15 ugly things
  5 manticores
  3 oklob plants (Lair:2)
  A salamander (D:15)
  20 elephants
  2 cyclopes
  A rust devil (Orc:2)
  3 vault sentinels
  Psyche (D:8)
  Maurice (D:8)
  An ice statue (IceCv)
  5 black mambas
  2 gargoyles
  A centaur skeleton (D:13)
  A water nymph (shapeshifter) (Vaults:1)
  24 spiny frogs
  A kobold demonologist (D:11)
  10 yaktaurs
  2 rime drakes
  4 freezing wraiths
  13 komodo dragons
  2 anaconda simulacra (IceCv)
  A golden dragon simulacrum (IceCv)
  4 meliai (D:13)
  9 trolls
  5 ice devils
  5 polar bears (Lair:6)
  4 tyrant leeches
  21 hornets
  7 dream sheep (Lair:6)
  19 blink frogs
  9 hippogriffs
  10 bog bodies
  34 slime creatures
  2 meliai zombies (D:15)
  Sigmund (D:4)
  4 wraiths
  A yak (shapeshifter) (Depths:1)
  2 redbacks
  3 shadows
  A vampire (D:15)
  A ynoxinul (Orc:2)
  3 spriggans
  2 dire elephant simulacra (IceCv)
  Eustachio (D:4)
  33 yaks
  A neqoxec (Orc:2)
  2 wyverns
  6 basilisks
  A human (shapeshifter) (Vaults:1)
  A chaos spawn (Orc:2)
  4 hungry ghosts
  23 vampire mosquitoes
  3 wargs
  2 harpy simulacra (IceCv)
  A death yak simulacrum (IceCv)
  16 insubstantial wisps
  4 iron troll simulacra (IceCv)
  5 hell hounds
  14 swamp worms
  14 water moccasins
  Duvessa (D:7)
  4 acid dragons
  9 porcupines
  33 orc warriors
  A hydra simulacrum (IceCv)
  15 swamp drakes
  A black bear (D:11)
  3 sky beasts
  An eye of draining (D:14)
  2 alligator simulacra (IceCv)
  21 ogres
  2 ettin simulacra (IceCv)
  14 wolves
  2 ice beasts
  2 phantoms
  3 boggarts
  4 centaurs
  14 crocodiles
  6 big kobolds
  14 bullfrogs
  A wyvern zombie (D:9)
  Dowan (D:7)
  2 wyvern skeletons
  10 scorpions
  17 killer bees
  An elephant simulacrum (IceCv)
  9 wights
  4 howler monkeys
  2 electric eels (D:15)
  A bullfrog zombie (D:12)
  5 lava snakes
  10 crimson imps
  4 centaur zombies
  9 hounds
  2 draconian simulacra (IceCv)
  25 orc priests
  2 jellies
  12 orc wizards
  3 bullfrog skeletons
  Natasha (thrice) (D:2)
  6 iguanas
  5 polar bear simulacra
  A yak simulacrum (Lair:3)
  3 spriggan simulacra (IceCv)
  A troll simulacrum (IceCv)
  10 worker ants
  4 wolf simulacra
  A centaur simulacrum (IceCv)
  12 adders
  7 gnolls
  6 naga simulacra (IceCv)
  4 ogre simulacra (IceCv)
  2 shadow imps
  6 white imps (IceCv)
  5 ufetubi (IceCv)
  An ooze (D:3)
  An adder zombie (D:6)
  An adder skeleton (D:7)
  6 worms
  3 dart slugs (D:1)
  4 leopard geckos
  86 orcs
  4 bats
  3 giant cockroaches
  7 hobgoblins
  8 jackals
  2 quokkas
  A ball python (D:4)
  3 frilled lizards
  5 goblins
  22 kobolds
  A leopard gecko skeleton (D:4)
  25 rats
  3 river rat simulacra (Lair:3)
  A plant (Lair:1)
1101 creatures vanquished.

Vanquished Creatures (others)
  A cyclops (D:15)
  A yaktaur (Vaults:1)
  A swamp worm (Swamp:4)
  2 ufetubi (IceCv)
  2 orcs (D:9)
  A bush (Lair:6)
  20 fungi
  42 plants
70 creatures vanquished.

Grand Total: 1171 creatures vanquished

Notes
Turn   | Place    | Note
-------+----------+-------------------------------------------
     0 | D:1      | Rrauwl the Centaur Hunter began the quest for the Orb.
     0 | D:1      | Reached XP level 1. HP: 17/17 MP: 1/1
   227 | D:1      | Reached XP level 2. HP: 24/24 MP: 2/2
   346 | D:1      | Reached skill level 1 in Stealth
   754 | D:2      | Noticed Natasha
   766 | D:2      | Killed Natasha
   766 | D:2      | Reached XP level 3. HP: 13/30 MP: 3/3
   864 | D:2      | Noticed Natasha
   869 | D:2      | Killed Natasha
   869 | D:2      | Reached XP level 4. HP: 23/37 MP: 4/4
   890 | D:2      | Noticed Natasha
   896 | D:2      | Killed Natasha
   896 | D:2      | Reached skill level 6 in Bows
   985 | D:2      | Gained mutation: Your spells are a little harder to cast, but a little more powerful. [potion of mutation]
   985 | D:2      | Gained mutation: Your muscles are strong. (Str +2) [potion of mutation]
   985 | D:2      | Gained mutation: Your flesh is heat resistant. (rF+) [potion of mutation]
   985 | D:2      | Gained mutation: You are resistant to hostile enchantments. (MR+) [potion of mutation]
  1432 | D:2      | Reached XP level 5. HP: 42/45 MP: 5/5
  1944 | D:3      | Learned a level 2 spell: Blink
  2549 | D:4      | Noticed Eustachio
  2726 | D:4      | Killed Eustachio
  2726 | D:4      | Reached skill level 7 in Bows
  2726 | D:4      | Reached XP level 6. HP: 24/53 MP: 0/6
  2947 | D:4      | Found Ycsured's General Store.
  2947 | D:4      | Noticed Sigmund
  2975 | D:4      | Killed Sigmund
  2975 | D:4      | Reached skill level 5 in Fighting
  2975 | D:4      | Reached skill level 8 in Bows
  3012 | D:4      | Bought a potion of might for 56 gold pieces
  3012 | D:4      | Bought a scroll of identify for 28 gold pieces
  3084 | D:4      | Reached XP level 7. HP: 60/61 MP: 7/7
  3390 | D:5      | Entered Level 5 of the Dungeon
  3406 | D:5      | Got a heavily runed platinum amulet
  3411 | D:5      | Identified the amulet "Legilyew" {Reflect Str+3 Int+4 SH+5} (You found it on level 5 of the Dungeon)
  3635 | D:5      | Reached skill level 9 in Bows
  3652 | D:5      | Found a burning altar of Makhleb.
  3911 | D:5      | Found a staircase to the Ecumenical Temple.
  3971 | Temple   | Entered the Ecumenical Temple
  3985 | Temple   | Became a worshipper of Warmaster Okawaru
  4386 | D:6      | Reached skill level 10 in Bows
  4391 | D:6      | Reached XP level 8. HP: 67/70 MP: 8/8
  4519 | D:6      | Reached * piety under Okawaru
  4821 | D:6      | Reached skill level 11 in Bows
  5148 | D:7      | Reached skill level 12 in Bows
  5447 | D:7      | Noticed Duvessa
  5454 | D:7      | Killed Duvessa
  5455 | D:7      | Noticed Dowan
  5468 | D:7      | Killed Dowan
  5468 | D:7      | Reached ** piety under Okawaru
  5660 | D:7      | Reached XP level 9. HP: 69/75 MP: 9/9
  5765 | D:7      | Reached skill level 1 in Armour
  5791 | D:7      | Reached skill level 13 in Bows
  5791 | D:7      | Reached skill level 1 in Invocations
  5994 | D:8      | Found a staircase to the Lair.
  6091 | D:8      | Noticed Maurice
  6269 | D:8      | Killed Maurice
  6269 | D:8      | Reached *** piety under Okawaru
  6269 | D:8      | Reached skill level 5 in Invocations
  6410 | D:8      | Noticed Psyche
  6426 | D:8      | Killed Psyche
  6598 | D:8      | Reached skill level 14 in Bows
  6781 | D:8      | Found an ancient bone altar of Kikubaaqudgha.
  6818 | D:8      | Noticed Erica
  6825 | D:8      | Killed Erica
  6825 | D:8      | Reached **** piety under Okawaru
  6825 | D:8      | Reached XP level 10. HP: 75/83 MP: 14/14
  7095 | D:8      | Reached skill level 15 in Bows
  7165 | D:8      | Received a gift from Okawaru
  7580 | D:9      | Found Loapodytre's Antique Weapon Shop.
  7624 | D:9      | Received a gift from Okawaru
  8003 | D:9      | Reached skill level 16 in Bows
  8525 | D:9      | Reached ***** piety under Okawaru
  8651 | D:9      | Found Tevioroli's Antique Armour Shop.
  8662 | D:9      | Bought a pair of ancient gloves for 237 gold pieces
  8667 | D:9      | Identified the cursed +0 pair of gloves of Jiots {-Cast rPois Dex+5 SInv} (You bought it in a shop on level 9 of the Dungeon)
  8729 | D:9      | Found Fafaibok's Armour Shop.
  8729 | D:9      | Found a staircase to the Orcish Mines.
  8756 | D:9      | Received a gift from Okawaru
  9192 | D:9      | Reached XP level 11. HP: 93/93 MP: 15/15
  9272 | Lair:1   | Entered Level 1 of the Lair of Beasts
  9391 | Lair:1   | Reached skill level 17 in Bows
  9693 | Lair:1   | Identified a scroll of acquirement
  9958 | Lair:1   | Reached skill level 1 in Evocations
 10700 | Lair:2   | Received a gift from Okawaru
 10701 | Lair:2   | Got a shimmering longbow {god gift}
 10702 | Lair:2   | Identified the +7 longbow of Integrity {velocity, rF+ rC+} (Okawaru gifted it to you on level 2 of the Lair of Beasts)
 10757 | Lair:2   | Reached skill level 18 in Bows
 11055 | Lair:2   | Noticed an oklob plant
 11056 | Lair:2   | Noticed an oklob plant
 11056 | Lair:2   | Noticed an oklob plant
 11137 | Lair:2   | Killed an oklob plant
 11162 | Lair:2   | Killed an oklob plant
 11162 | Lair:2   | Reached XP level 12. HP: 101/101 MP: 16/16
 11371 | Lair:3   | Found a hole to the Spider Nest.
 11486 | Lair:3   | Reached skill level 5 in Armour
 11623 | Lair:3   | Received a gift from Okawaru
 11652 | Lair:3   | Reached skill level 5 in Evocations
 11727 | Lair:3   | Found a staircase to the Swamp.
 12229 | Lair:4   | Received a gift from Okawaru
 12338 | Lair:4   | Learned a level 1 spell: Summon Butterflies
 12382 | Lair:4   | Received a gift from Okawaru
 12895 | Lair:5   | Noticed a five-headed hydra
 12898 | Lair:5   | Killed a five-headed hydra
 12898 | Lair:5   | Reached skill level 19 in Bows
 12898 | Lair:5   | Reached skill level 1 in Spellcasting
 12903 | Lair:5   | Noticed a five-headed hydra
 12935 | Lair:5   | Killed a five-headed hydra
 12965 | Lair:5   | Reached ****** piety under Okawaru
 13021 | Lair:5   | Reached skill level 5 in Dodging
 13113 | Lair:5   | Noticed Snorg
 13118 | Lair:5   | Killed Snorg
 13157 | Lair:5   | Noticed a seven-headed hydra
 13163 | Lair:5   | Killed a seven-headed hydra
 13163 | Lair:5   | Reached XP level 13. HP: 108/108 MP: 17/17
 13755 | Lair:6   | Entered Level 6 of the Lair of Beasts
 13922 | Lair:6   | Reached skill level 20 in Bows
 13977 | Lair:6   | Received a gift from Okawaru
 14013 | Lair:6   | Received a gift from Okawaru
 14096 | Lair:6   | Learned a level 2 spell: Sticks to Snakes
 14243 | Lair:6   | Reached skill level 10 in Fighting
 14555 | Lair:6   | Received a gift from Okawaru
 14556 | Lair:6   | Got a shimmering robe {god gift}
 14567 | Lair:6   | Identified the +2 robe of the Realm of Zot {Int+4} (Okawaru gifted it to you on level 6 of the Lair of Beasts)
 14635 | Lair:6   | Reached XP level 14. HP: 124/124 MP: 21/21
 14693 | Lair:6   | Found a viscous altar of Jiyva.
 14694 | Lair:6   | Found a staircase to the Slime Pits.
 14818 | Lair:6   | Reached skill level 10 in Invocations
 14996 | Lair:6   | Learned a level 1 spell: Apportation
 15510 | D:10     | Entered Level 10 of the Dungeon
 15641 | D:10     | Noticed dricus's ghost (journeyman MfBe)
 15687 | D:10     | Killed dricus's ghost
 16322 | D:11     | Got a fine leather armour
 16333 | D:11     | Identified the +1 leather armour of Forking Paths {+Fly rF+ rC+ Int-3} (You found it on level 11 of the Dungeon)
 16883 | D:11     | Reached skill level 1 in Axes
 17869 | D:13     | Received a gift from Okawaru
 17870 | D:13     | Got a crystal shortbow {god gift}
 17875 | D:13     | Identified the +5 shortbow of Feotz {velocity, rF++ Int+4 Dex-4} (Okawaru gifted it to you on level 13 of the Dungeon)
 17909 | D:13     | Reached skill level 5 in Axes
 18113 | D:13     | Found a gate to the Vaults.
 18604 | D:14     | Received a gift from Okawaru
 18692 | D:14     | Found a labyrinth entrance.
 18706 | D:14     | Found an iron altar of Okawaru.
 18727 | Lab      | Entered a labyrinth
 19146 | Lab      | Identified the Volume of Mutagenic Hexes
 19148 | Lab      | Got a pitted leather armour
 19160 | Lab      | Identified the +1 leather armour of Autotheism {-Cast rElec rPois Str+3} (You found it in a labyrinth)
 19204 | D:14     | Reached XP level 15. HP: 125/129 MP: 21/23
 19501 | D:14     | Noticed dricus's ghost (journeyman DrBe)
 19575 | D:14     | Killed dricus's ghost
 19971 | D:15     | Entered Level 15 of the Dungeon
 20027 | D:15     | Found Dusekeke's Distillery.
 20089 | D:15     | Found a staircase to the Depths.
 20559 | D:15     | Reached skill level 10 in Axes
 20566 | D:15     | Learned a level 2 spell: Passwall
 20785 | D:15     | Received a gift from Okawaru
 21304 | Orc:1    | Entered Level 1 of the Orcish Mines
 21307 | Orc:1    | Paralysed by an orc sorcerer for 5 turns
 21611 | Orc:1    | Found a roughly hewn altar of Beogh.
 21924 | Orc:2    | Entered Level 2 of the Orcish Mines
 22000 | Orc:2    | Found Seqo's Weapon Boutique.
 22092 | Orc:2    | Found Sun Avesh's General Store.
 22102 | Orc:2    | Found Rodghop's Distillery.
 22271 | Orc:2    | Received a gift from Okawaru
 22370 | Orc:2    | Found Dijeahot's Book Shop.
 22370 | Orc:2    | Found Niahaon's Antique Weapon Boutique.
 22371 | Orc:2    | Found a one-way gate leading to the halls of Pandemonium.
 22420 | Orc:2    | Bought a potion of haste for 150 gold pieces
 22473 | Orc:2    | Found a staircase to the Elven Halls.
 22487 | Orc:2    | Received a gift from Okawaru
 22973 | Swamp:1  | Entered Level 1 of the Swamp
 23058 | Swamp:1  | Found a frozen archway.
 23070 | IceCv    | Entered an ice cave
 23711 | IceCv    | Noticed an Ice Fiend
 23754 | IceCv    | Killed an Ice Fiend
 23759 | IceCv    | Received a gift from Okawaru
 23887 | IceCv    | Reached XP level 16. HP: 132/137 MP: 24/24
 23926 | IceCv    | Got a brightly glowing leather armour
 23942 | IceCv    | Identified the +1 leather armour of Ybuxucs {Dex+2} (You found it in an ice cave)
 24133 | Swamp:1  | Found a radiant altar of Vehumet.
 24713 | Swamp:2  | Noticed a thorn hunter
 24726 | Swamp:2  | Killed a thorn hunter
 24726 | Swamp:2  | Received a gift from Okawaru
 24919 | Swamp:2  | Received a gift from Okawaru
 25556 | Swamp:2  | Paralysed by a hornet for 2 turns
 25950 | Swamp:3  | Received a gift from Okawaru
 25951 | Swamp:3  | Got a distressingly furry cloak {god gift}
 25982 | Swamp:3  | Identified the +2 cloak "Xosti" {rN+ MP+9 Dex-4} (Okawaru gifted it to you on level 3 of the Swamp)
 26420 | Swamp:3  | Noticed a tentacled monstrosity
 26428 | Swamp:3  | Killed a tentacled monstrosity
 26586 | Swamp:4  | Entered Level 4 of the Swamp
 26650 | Swamp:4  | Reached skill level 15 in Axes
 27198 | Swamp:4  | Received a gift from Okawaru
 27317 | Swamp:4  | Got a decaying rune of Zot
 27767 | Depths:1 | Entered Level 1 of the Depths
 27777 | Depths:1 | Received a gift from Okawaru
 27777 | Depths:1 | Reached XP level 17. HP: 106/144 MP: 18/25
 27796 | Depths:1 | Noticed Louise
 27974 | Vaults:1 | Entered Level 1 of the Vaults
 28224 | Vaults:1 | Found Kaparir's Antique Armour Boutique.
 28504 | Vaults:1 | Received a gift from Okawaru
 28641 | Vaults:1 | Found Varph's Distillery.
 28680 | Vaults:1 | Received a gift from Okawaru
 29148 | Vaults:1 | Found Qif Vone's Antique Armour Emporium.
 29151 | Vaults:1 | Found Exzuve's Food Shoppe.
 29293 | Vaults:1 | Found Yrchoix's Assorted Antiques.
 29706 | Vaults:1 | Received a gift from Okawaru
 30346 | Vaults:2 | Noticed Xtahua
 30368 | Vaults:2 | Killed Xtahua
 30463 | Vaults:2 | Received a gift from Okawaru
 30521 | Vaults:2 | Received a gift from Okawaru
 30622 | Vaults:2 | Reached XP level 18. HP: 32/151 MP: 6/26
 30636 | Vaults:2 | Received a gift from Okawaru
 30637 | Vaults:2 | Got a smelly chain mail {god gift}
 30648 | Vaults:2 | Identified the +1 chain mail of the Prince of Darkness {rN+} (Okawaru gifted it to you on level 2 of the Vaults)
 30867 | Vaults:2 | Found a staircase to the Crypt.
 31008 | Vaults:2 | HP: 6/151 [vault warden (illusionary)/dire flail (16)]
 31039 | Vaults:2 | HP: 3/151 [yaktaur/bolt (6)]
 31039 | Vaults:2 | Shot with a bolt by a yaktaur

Vault maps used:
D:1:      dpeg_arrival_circle_labyrinth_c
D:2:      minmay_rat_hole, uniq_natasha
D:4:      serial_shops, shop_fountains, uniq_eustachio, uniq_sigmund
D:5:      makhleb_heckhound_becter, minmay_temple_entry_poolview, first_bread
D:6:      minmay_fountain_box, minmay_crystal_water
D:7:      uniq_duvessa
D:8:      minmay_lair_entry_lava, basic_altar, hangedman_pestilent_swarm,
          uniq_erica, uniq_psyche, uniq_maurice
D:9:      orc_david_3, serial_shops, shop, shop
D:10:     minmay_misc_feat_five
D:11:     kennysheep_minor_cross, minmay_rotating_lava
D:13:     erik_vaults_1, minmay_checkerbox
D:14:     serial_bayou_pond_b, lab_entry_generic, okawaru_ov_weapons_minmay
D:15:     hangedman_depths_entry_try_elsewhere_first, serial_shops,
          nicolae_shop_competitors_out_of_business, minivault_14
Temple:   dpeg_three_leaves_temple
Lair:1:   grunt_megastairs_5
Lair:2:   minmay_lair_oklob_chamber, grunt_megastairs_4
Lair:3:   minmay_swamp_entry_wisps, spider_nest_entry_web_field,
          eino_house_with_fridge, serial_bayou_shore_b, grunt_megastairs_3
Lair:4:   serial_bayou_shore_b, infiniplex_staircase_pool_2
Lair:5:   serial_bayou_shore_b, uniq_snorg
Lair:6:   gammafunk_lair_ancient_temple, slime_altar_1, lemuel_fruit_tree,
          serial_bayou_shore_b
Swamp:1:  portal_ice_cave_entry_pillars_four, nicolae_swamp_godswood,
          nicolae_swamp_fairy_circle, swamp_pool2
Swamp:2:  hangedman_swamp_lotus, swamp_pool1
Swamp:3:  evilmike_swamp_ruin_house_3
Swamp:4:  swamp_alternative
Orc:1:    basic_altar
Orc:2:    pf_orc_diabolical, serial_shops, nicolae_shop_statue_plus
Vaults:1: ontoclasm_vaults_pinch, v_misc_19, v_misc_25, grunt_vaults_swirl,
          vaults_mumra_minichess, v_misc_10, nicolae_vaults_little_squares_6,
          vaults_dpeg_ring, vaults_dpeg_hooks, ontoclasm_vaults_loading_screen,
          nicolae_vaults_asterisk, vaults_room_hallway, vaults_room_corners,
          nicolae_vaults_specimen_jars, serial_shops, nicolae_shop_crystal,
          shop, shop, shop_fountains, shop
Vaults:2: hangedman_vaults_hat, minmay_crypt_entry_simple_plaza,
          st_greater_box_2, vaults_room_hallway, ontoclasm_vaults_shuriken,
          vaults_room_mumra_shop_pool, ontoclasm_vaults_ligature,
          nicolae_vaults_circle_grid_a, dpeg_vaults_monster_row,
          nicolae_vaults_network_barrier, vaults_dpeg_doors,
          nicolae_vaults_back_hallway, uniq_xtahua
Depths:1: ashenzari_altar_1, grunt_hell_entry_dis_old,
          nicolae_abyss_entry_one_way_or_another, minmay_misc_feat_doors,
          spider_trap, hangedman_devilish_allure
Lab:      labyrinth_spiral, labyrinth_skeletal_remains, labyrinth_lava_lair,
          nicolae_lab_blocks, lab_hedge
IceCv:    ice_cave_caverns_02

Skill      XL: |  1  2  3  4  5  6  7  8  9 10 11 12 13 14 15 16 17 18 |
---------------+-------------------------------------------------------+-----
Stealth        | 1 |  1.3
Dodging        | 2 3 5 7 |  7.0
Fighting       | 3 4 5 6 7 8 11 | 11.0
Bows           | 6 7 8 10 12 14 16 18 19 20 | 20.0
Armour         | 1 4 5 |  5.0
Invocations    | 6 9 11 | 11.0
Evocations     | 4 5 6 |  6.0
Spellcasting   | 2 |  2.1
Axes           | 7 12 16 18 19 | 19.1

Action                   |  1- 3 |  4- 6 |  7- 9 | 10-12 | 13-15 | 16-18 || total
-------------------------+-------+-------+-------+-------+-------+-------++-------
Melee: Short sword       |    12 |    44 |   100 |    65 |       |       ||   221
       Kick              |     3 |     7 |    31 |    26 |       |       ||    67
 Fire: Shortbow          |    62 |   190 |   282 |   382 |       |       ||   916
       Longbow           |       |       |       |   323 |  1451 |  1193 ||  2967
Throw: Throwing net      |       |       |     1 |       |       |       ||     1
Evoke: Wand              |       |       |     1 |     6 |     1 |     5 ||    13
  Use: Scroll            |       |     6 |    13 |    15 |     9 |     3 ||    46
       Potion            |       |     5 |     2 |     4 |     7 |     9 ||    27
  Eat: Chunk             |       |     2 |     9 |    13 |    15 |     2 ||    41
       Royal jelly       |       |     1 |       |     1 |       |       ||     2
       Fruit             |       |       |       |       |     3 |     6 ||     9
       Bread ration      |       |       |       |       |     2 |     1 ||     3
       Meat ration       |       |       |       |       |       |     1 ||     1
Armor: Leather armour    |     5 |    40 |    31 |    14 |       |       ||    90
       Troll leather arm |       |       |       |    45 |   121 |   145 ||   311
       Skin              |       |       |       |       |       |     8 ||     8
Dodge: Dodged            |    17 |    66 |    66 |   104 |   144 |   153 ||   550
Block: Other             |       |       |    31 |    54 |    46 |    59 ||   190
       Reflection        |       |       |       |     3 |     4 |    10 ||    17
